 Dungeon Crawl Stone Soup version 0.31-a0-188-g5e087ee2ca (webtiles) character file.

Game seed: 16650205731978079323

35 qw the Shooter (level 3, 0/20 HPs)
             Began as a Deep Elf Hunter on June 23, 2023.
             Frozen to death by an endoplasm (5 damage)
             ... on level 2 of the Dungeon.
             The game lasted 00:00:23 (1103 turns).

qw the Shooter (Deep Elf Hunter)                    Turns: 1103, Time: 00:00:24

Health: 0/20       AC:  7    Str: 10    XL:     3   Next: 17%
Magic:  5/5        EV: 11    Int: 13    God:
Gold:   33         SH:  0    Dex: 18    Spells: 2/2 levels left

rFire   . . .        Y - +0 shortbow
rCold   . . .        (shield currently unavailable)
rNeg    . . .        d - +0 ring mail
rPois   .            (no helmet)
rElec   .            (no cloak)
rCorr   .            g - +0 pair of gloves
SInv    .            b - +0 pair of boots
Will    .....        i - amulet of regeneration
Stlth   +            (no ring)
HPRegen 1.03/turn    (no ring)
MPRegen 0.09/turn

%: no passive effects
@: no status effects
A: no striking features
a: no special abilities


You were on level 2 of the Dungeon.
You visited 1 branch of the dungeon, and saw 2 of its levels.

You collected 33 gold pieces.


   Skills:
 - Level 1.5 Fighting
 + Level 6.8 Ranged Weapons
 - Level 2.4 Dodging
 - Level 1.2 Stealth


You had 2 spell levels left.
You didn't know any spells.
Your spell library was empty.

Inventory:

Hand Weapons
 Y - a +0 shortbow (weapon)
Armour
 b - a +0 pair of boots (worn)
 d - a +0 ring mail (worn)
 g - a +0 pair of gloves (worn)
Jewellery
 i - an amulet of regeneration (around neck)
Scrolls
 a - a scroll of teleportation {unknown}
Potions
 c - a potion of curing {unknown}
 e - a potion of heal wounds {unknown}

Dungeon Overview and Level Annotations

Branches:
Dungeon (2/15)

Altars:


Message History

The adder bites you.
The endoplasm jiggles.
The endoplasm closely misses you.
The quokka bites you but does no damage.
The adder bites you.
You are poisoned.
The adder poisons you!
You shoot an arrow. The arrow hits the adder.
You kill the adder!
You feel sick.
The endoplasm hits you but does no damage.
The quokka barely misses you.
The endoplasm hits you but does no damage.
The rat closely misses you. The quokka barely misses you.
You have reached level 3!
Your experience leads to an increase in your attributes!
Increase (S)trength, (I)ntelligence, or (D)exterity?
You feel stronger. x2
You shoot an arrow.
The arrow hits the quokka but does no damage.
You feel sick. The quokka bites you. The rat bites you but does no damage.
The endoplasm freezes you.
You are frozen.
You shoot an arrow.
The arrow hits the quokka but does no damage.
You feel sick.
You are no longer poisoned.
The quokka barely misses you. The rat bites you but does no damage.
The endoplasm freezes you.
You are frozen.
You shoot an arrow. The arrow hits the quokka.
The quokka is lightly wounded.
The quokka bites you but does no damage.
The rat barely misses you.
The endoplasm hits you but does no damage.
The quokka bites you but does no damage.
You shoot an arrow. The arrow closely misses the quokka.
The endoplasm freezes you.
You are frozen.
You die...

. . # ######## ##### #
#......#######...# #
#.#.........##...# #
#####.#.######...#...###
.......@# ##......%..
.#####rJr....###.#.##%##
#.g..#...##...##.##
#...## ..#.####.#. #..##
#......#. ...# #........
...# #.....#.. .....
........[ #......##


You could see an endoplasm, a quokka, a goblin and a rat.

Vanquished Creatures
  An adder (D:2)
  A worm (D:2)
  2 dart slugs
  An endoplasm (D:2)
  A giant cockroach (D:1)
  3 hobgoblins (D:1)
  3 quokkas (D:1)
  3 ball pythons
  2 bats (D:1)
  A goblin (D:1)
  2 rats (D:1)
20 creatures vanquished.

Notes
Turn   | Place    | Note
-------+----------+-------------------------------------------
     0 | D:1      | qw the Deep Elf Hunter began the quest for the Orb.
     0 | D:1      | Reached XP level 1. HP: 12/12 MP: 3/3
     0 | D:1      | 0 ||| qw: Version: 0.3-a-9-g12657ce
     0 | D:1      | 0 ||| qw: Game counter: 3762
     0 | D:1      | 0 ||| qw: Always use a shield: true
     0 | D:1      | 0 ||| qw: God list: Okawaru
     0 | D:1      | 0 ||| qw: Allow faded altars: false
     0 | D:1      | 0 ||| qw: Do Orc after D:15 true
     0 | D:1      | 0 ||| qw: Do second Lair branch before Depths: true
     0 | D:1      | 0 ||| qw: Lair rune preference: random
     0 | D:1      | 0 ||| qw: Plans: Normal
     0 | D:1      | 0 ||| PLANNING D:1-11
    28 | D:1      | 28 ||| UPGRADING to +0 ring mail.
    38 | D:1      | 38 ||| DROPPING +0 leather armour.
    39 | D:1      | 39 ||| DROPPING scroll of butterflies.
   456 | D:1      | Reached XP level 2. HP: 16/16 MP: 4/4
   458 | D:1      | Reached skill level 6 in Ranged Weapons
   892 | D:1      | 892 ||| UPGRADING to +0 pair of boots.
   897 | D:1      | 897 ||| UPGRADING to +0 pair of gloves.
   902 | D:1      | 902 ||| UPGRADING to amulet of regeneration.
   907 | D:1      | 907 ||| READING scroll labelled YCZUYVOVUN.
   908 | D:1      | 908 ||| READING scroll labelled WIOSCH RYKA.
   915 | D:1      | 915 ||| READING scroll labelled POCE JOUBYISO.
   916 | D:1      | 916 ||| READING scroll labelled DETWOMIOXACK.
   917 | D:1      | 917 ||| DRINKING 2 fuming ruby potions.
   960 | D:1      | 960 ||| DROPPING potion of lignification.
  1049 | D:2      | HP: 2/16 [worm (8)]
  1100 | D:2      | Reached XP level 3. HP: 10/20 MP: 5/5
  1100 | D:2      | HP: 4/20 [frozen (2)]
  1103 | D:2      | Frozen to death by an endoplasm

Levels and vault maps discovered:
D:1:      minmay_arrival_glassed_features, layout_loops_corners
D:2:      layout_basic, minmay_cupped

Skill      XL: |  1  2 |
---------------+-------+-----
Ranged Weapons | 6 |  6.8
Fighting       | |  1.5
Dodging        | |  2.4
Stealth        | |  1.2

Action                     || total
---------------------------++-------
   Fire: Shortbow          ||    88
    Use: Scroll            ||     4
         Potion            ||     1
 Armour: Ring mail         ||    36
  Dodge: Dodged            ||    27

Table legend:
 A = Non-vault XP
 B = Vault XP
 C = Vault XP percentage of total XP
 D = Non-vault monster count
 E = Vault monster count
 F = Vault count percentage of total count
                 A         B        C        D         E       F
            +---------+---------+-------+---------+---------+-------
      Total |      34 |      17 |  33.3 |      18 |       2 |  10.0
            +---------+---------+-------+---------+---------+-------
        D:1 |      25 |       0 |   0.0 |      14 |       0 |   0.0
        D:2 |       9 |      17 |  65.4 |       4 |       2 |  33.3
            +---------+---------+-------+---------+---------+-------
